 Dungeon Crawl Stone Soup version 0.19.3-4-gbf9329e (webtiles) character file.

196298 Peloso the Hoplite (level 17, 0/158 HPs)
             Began as a Minotaur Fighter on Jan 29, 2017.
             Was the Champion of Okawaru.
             Drowned by a water elemental (6 damage)
             ... on level 2 of the Shoals.
             The game lasted 02:10:48 (35606 turns).

Peloso the Hoplite (Minotaur Fighter)              Turns: 35606, Time: 02:10:48

Health: 0/158      AC: 31    Str: 26    XL:     17   Next: 74%
Magic:  17/17      EV: 11    Int:  2    God:    Okawaru [******]
Gold:   3242       SH: 17    Dex: 18    Spells: 0 memorised, 16 levels left

rFire  . . .     SeeInvis .     G - +2 double sword (elec)
rCold  . . .     Gourm    .     M - +5 plate armour of Teat Rinatz {+Inv rPois}
rNeg   + + .     Faith    +     r - +0 shield {reflect}
rPois  +         Spirit   .     u - +0 hat "Woethrosi" {Dex+3}
rElec  .         Reflect  +     N - +2 cloak
rCorr  .         Harm     .     R - +1 pair of gloves {archery}
MR     +....                    K - +1 pair of boots {Stlth+}
Stlth  ..........               p - amulet of faith
                                Y - ring of Dyses {rPois rN+ Int-3 Dex+3}
                                w - ring of positive energy

@: about to teleport, engulfed (cannot breathe), mesmerised
A: retaliatory headbutt, horns 2
a: Heroism, Finesse, Renounce Religion, Evoke Invisibility
}: 1/15 runes: gossamer


You were on level 2 of the Shoals.
You worshipped Okawaru.
Okawaru was exalted by your worship.
You were hungry.

You visited 6 branches of the dungeon, and saw 30 of its levels.
You also visited: Trove and Ossuary.

You collected 4132 gold pieces.
You spent 890 gold pieces at shops.

Inventory:

Hand Weapons
 n - a +2 short sword of flaming
 G - a +2 double sword of electrocution (weapon)
 L - the +6 long sword of Qulun {protect, Str+2}
   (You found it on level 9 of the Dungeon)

   It protects the one who uses it against injury (+AC on strike).
   It affects your strength (+2).
Armour
 r - a +0 shield of reflection (worn)
 u - the +0 hat "Woethrosi" (worn) {Dex+3}
   (Okawaru gifted it to you on level 3 of the Spider Nest)

   It affects your dexterity (+3).
 K - a +1 pair of boots of stealth (worn)
 M - the +5 plate armour of Teat Rinatz (worn) {+Inv rPois}
   (You bought it in a shop on level 7 of the Dungeon)

   It protects you from poison.
   It lets you turn invisible.
 N - a +2 cloak (worn)
 R - a +1 pair of gloves of archery (worn)
Jewellery
 p - an amulet of faith (around neck)
 s - an uncursed ring of protection from magic
 w - a ring of positive energy (left hand)
 B - an uncursed ring of protection from fire
 F - an uncursed ring of flight
 S - an uncursed ring of protection from cold
 X - an uncursed ring of see invisible
 Y - the ring of Dyses (right hand) {rPois rN+ Int-3 Dex+3}
   (You found it in a treasure trove)

   [ring of poison resistance]

   It affects your intelligence (-3).
   It affects your dexterity (+3).
   It protects you from poison.
   It protects you from negative energy.
Wands
 l - a wand of teleportation (1/9)
 D - a wand of heal wounds (1/9)
 P - a wand of digging (3/24)
Scrolls
 a - 10 scrolls of identify
 b - a scroll of silence
 c - a scroll of fear
 e - 2 scrolls of enchant armour
 o - 5 scrolls of teleportation
 y - 7 scrolls of remove curse
 C - 7 scrolls of recharging
 E - 2 scrolls of magic mapping
 I - 4 scrolls of summoning
 O - 2 scrolls of blinking
Potions
 d - 5 potions of might
 g - 7 potions of curing
 j - 3 potions of agility
 t - 4 potions of haste
 v - a potion of resistance
Comestibles
 f - 16 bread rations
 h - 3 chunks of flesh
 i - 9 meat rations
 m - 11 royal jellies
 q - 5 fruits
 J - 2 slices of pizza


   Skills:
 + Level 16.3 Fighting
 + Level 2.5(12.0) Short Blades
 + Level 18.7(18.8) Long Blades
 + Level 16.8 Armour
 + Level 4.4 Dodging
 + Level 2.1 Stealth
 + Level 21.1 Shields
 + Level 1.4 Invocations
 + Level 0.5 Evocations


You had 16 spell levels left.
You didn't know any spells.

Dungeon Overview and Level Annotations

Branches:
Dungeon (15/15)            Temple (1/1) D:6            Lair (6/6) D:11
 Shoals (2/4) Lair:2       Spider (4/4) Lair:2        Slime (0/5) Lair:6
    Orc (2/2) D:9             Elf (0/3) Orc:2        Vaults (0/5) D:14
 Depths (0/5) D:15

Altars:
Ashenzari
Cheibriados
Dithmenos
Elyvilon
Fedhas
Gozag
Hepliaklqana
Kikubaaqudgha
Makhleb
Nemelex Xobeh
Okawaru
Qazlal
Ru
Sif Muna
Trog
Uskayaw
Vehumet
Xom
Yredelemnul
Zin
The Shining One
Beogh
Jiyva

Shops:
D:7 [   D:9 (   D:14 [   Orc:2 }!*?   Shoals:1 (

Annotations:
D:5 Sigmund
Lair:5 exclusion: 3 oklob plants


Innate Abilities, Weirdness & Mutations

You reflexively headbutt those who attack you in melee.
You have a pair of horns on your head.


Message History

* * * LOW HITPOINT WARNING * * *
The siren chants its luring song.
The centaur warrior hits you but does no damage.
You hit the centaur warrior.
There is a sudden explosion of sparks!
You headbutt the centaur warrior.
You kill the centaur warrior!
Okawaru accepts your kill.
* * * LOW HITPOINT WARNING * * *
Your lungs strain for air!
You block the centaur's attack. You block the faun's attack.
The merfolk misses you. You block the merfolk's attack.
You block the water elemental's attack. The water elemental hits you.
The hippogriff bites you but does no damage.
The hippogriff pecks you but does no damage.
The hippogriff barely misses you.
The merfolk hits you but does no damage.
You slice the hippogriff!!
You kill the hippogriff!
Okawaru accepts your kill.
You die...

.≈≈≈........≈≈≈≈≈≈≈≈≈≈≈...
....(........≈≈≈≈≈≈≈≈≈≈≈..
...........#...≈≈≈≈≈≈≈≈≈≈.
.....(.....###..≈≈≈≈≈≈≈≈≈≈
......≈...(# #...†≈≈≈≈≈≈≈.
......≈(c..# ####<.≈≈≈≈≈..
.##≈.≈#c().# ##..≈≈≈≈.##
#≈.#.≈.#(.#####Em≈≈≈≈..#
#....C##...(C†@E.≈≈≈≈≈.#
#..c.c #.....c))≈≈≈≈≈≈...
#(... #.....cmmmc≈≈≈≈≈>.
.#... #≈≈.###..(≈≈≈≈≈≈≈.#
#.# #≈≈≈# #...≈≈≈≈≈≈≈.# ≈.
##≈≈. ##..≈≈≈≈≈≈≈. #≈≈≈
#..≈≈≈≈≈≈≈ #≈≈≈≈ ...≈≈≈≈≈≈


You could see 3 merfolk, 2 fauns, a cyclops, 2 water elementals, a siren and a
centaur.

Vanquished Creatures
  Jorgrun (Shoals:2)
  Arachne (Spider:3)
  Frances (D:12)
  Donald (Orc:1)
  Kirke (D:13)
  Louise (D:14)
  The ghost of Kloppie the Severer, a journeyman DsBe of Trog (D:15)
  Aizul (Spider:2)
  3 ghost moths (Spider:4)
  11 emperor scorpions
  A stone giant (Orc:2)
  3 entropy weavers
  A spark wasp (Spider:4)
  A merfolk impaler (Shoals:1)
  A fire dragon (Lair:6)
  Snorg (Orc:2)
  Josephine (D:15)
  Fannar (Lair:2)
  An ice dragon (D:14)
  13 hydras
  A great orb of eyes (D:9)
  A death knight (D:9)
  4 centaur warriors
  A catoblepas (D:15)
  An ogre mage (D:15)
  A merfolk aquamancer (Shoals:2)
  A tengu warrior (D:15)
  The ghost of CALLOUS the Fighter, a novice MiMo of Trog (D:10)
  Urug (D:12)
  Sonja (Lair:1)
  3 unseen horrors
  2 sea snakes (Shoals:1)
  A glowing orange brain (shapeshifter) (D:15)
  A wizard (D:14)
  A harpy (shapeshifter) (D:15)
  7 orc knights
  27 orb spiders
  10 hill giants
  An orc sorcerer (D:9)
  10 harpies
  2 ugly things (D:11)
  A manticore (shapeshifter) (D:14)
  2 cyclopes
  A faun (Shoals:2)
  2 deep elf magi
  7 manticores
  28 wolf spiders
  An oklob plant (Orc:2)
  A moth of wrath (Spider:4)
  Maurice (D:12)
  3 sirens
  A water nymph (Shoals:2)
  10 black mambas
  3 molten gargoyles (Lair:6)
  A kobold demonologist (D:15)
  4 centaur skeletons
  5 rime drakes
  13 spiny frogs
  A freezing wraith (D:14)
  11 komodo dragons
  10 demonic crawlers
  A tengu conjurer (D:15)
  8 trolls
  2 merfolk
  A queen bee (D:10)
  4 wind drakes
  5 two-headed ogres
  33 jumping spiders
  5 polar bears (Lair:5)
  A raiju (shapeshifter) (D:14)
  A hornet (Spider:4)
  Prince Ribbit (D:8)
  9 blink frogs
  2 snapping turtles
  18 hippogriffs
  88 redbacks
  37 tarantellas
  A centaur simulacrum (D:14)
  2 water elementals (Shoals:1)
  8 wraiths
  2 shadows
  A vampire (D:13)
  6 wyverns
  50 yaks
  3 hogs (D:13)
  A human (shapeshifter) (D:14)
  A hungry ghost (D:12)
  2 basilisks
  3 steam dragons
  12 vampire mosquitoes
  10 wargs
  A mottled dragon (D:13)
  2 floating eyes (D:13)
  5 hell hounds (Lair:6)
  10 water moccasins
  8 porcupines
  43 orc warriors
  A sky beast (D:10)
  6 phantoms
  5 ice beasts
  2 necrophages
  8 ogres
  17 centaurs
  12 wolves
  15 crocodiles
  21 bullfrogs
  3 big kobolds
  A gnoll sergeant (D:8)
  7 scorpions
  6 wights
  15 killer bees
  2 electric eels
  11 howler monkeys
  5 lava snakes (Lair:6)
  7 centaur zombies
  8 jellies
  7 crimson imps
  14 orc wizards
  7 hounds
  15 orc priests
  6 iguanas
  13 worker ants
  9 hell rats
  A hound zombie (D:6)
  A howler monkey zombie (D:8)
  2 worker ant zombies
  11 gnolls
  14 adders
  4 shadow imps
  6 oozes
  5 adder zombies
  2 adder skeletons (D:4)
  4 worms
  A dart slug (D:2)
  4 leopard geckos
  91 orcs
  10 bats
  5 giant cockroaches
  7 goblins
  10 hobgoblins
  13 jackals
  18 kobolds
  5 quokkas
  A ball python skeleton (Ossuary)
  5 frilled lizards
  A hobgoblin zombie (Ossuary)
  A kobold zombie (Ossuary)
  A leopard gecko zombie (D:8)
  2 orc skeletons (Ossuary)
  A quokka zombie (D:7)
  15 rats
  2 fungi
  2 plants (Shoals:1)
1085 creatures vanquished.

Vanquished Creatures (others)
  A merfolk javelineer (Shoals:1)
  A lindwurm (Lair:6)
  2 wolf spiders (Spider:4)
  A human (D:15)
  An adder (D:10)
  6 fungi
  6 plants
18 creatures vanquished.

Grand Total: 1103 creatures vanquished

Notes
Turn   | Place    | Note
-------+----------+-------------------------------------------
     0 | D:1      | Peloso the Minotaur Fighter began the quest for the Orb.
     0 | D:1      | Reached XP level 1. HP: 19/19 MP: 0/0
    47 | D:1      | Reached XP level 2. HP: 27/27 MP: 1/1
   349 | D:1      | Reached skill level 4 in Shields
   525 | D:2      | Reached XP level 3. HP: 32/33 MP: 2/2
   821 | D:2      | Reached XP level 4. HP: 40/40 MP: 3/3
  1548 | D:3      | Reached skill level 1 in Dodging
  1653 | D:3      | Reached XP level 5. HP: 46/46 MP: 4/4
  2169 | D:4      | HP: 2/47 [scorpion (7)]
  2930 | D:4      | Reached skill level 5 in Armour
  3001 | D:4      | Reached skill level 5 in Long Blades
  3001 | D:4      | Reached XP level 6. HP: 25/53 MP: 5/5
  3397 | D:5      | Entered Level 5 of the Dungeon
  3439 | D:5      | Reached skill level 5 in Shields
  3502 | D:5      | Found a sand-covered staircase.
  3520 | Ossuary  | Entered an ossuary
  3913 | Ossuary  | Noticed a flying skull
  3913 | Ossuary  | Noticed a wraith
  3925 | Ossuary  | Noticed a flying skull
  3927 | Ossuary  | Noticed a flying skull
  3931 | Ossuary  | Reached XP level 7. HP: 48/60 MP: 6/6
  3967 | Ossuary  | Noticed a flying skull
  3991 | Ossuary  | Noticed a wraith
  4002 | Ossuary  | Killed a wraith
  4002 | Ossuary  | Reached skill level 5 in Fighting
  4158 | Ossuary  | Noticed a wraith
  4162 | Ossuary  | Killed a wraith
  4422 | D:5      | Noticed Sigmund
  4455 | D:5      | Reached XP level 8. HP: 19/70 MP: 7/7
  5270 | D:6      | Found a staircase to the Ecumenical Temple.
  5279 | Temple   | Entered the Ecumenical Temple
  5399 | Temple   | Became a worshipper of Warmaster Okawaru
  5565 | D:6      | Reached skill level 6 in Shields
  5658 | D:5      | Found a hide-covered altar of Uskayaw.
  6027 | D:7      | Found Jiredierr's Antique Armour Emporium.
  6241 | D:7      | Reached * piety under Okawaru
  6295 | D:7      | Reached skill level 7 in Shields
  6299 | D:7      | Reached XP level 9. HP: 38/78 MP: 8/8
  6741 | D:7      | Found a stormy altar of Qazlal.
  7659 | D:8      | Reached ** piety under Okawaru
  8197 | D:8      | Reached skill level 8 in Shields
  8378 | D:8      | Reached skill level 10 in Long Blades
  8460 | D:8      | Noticed Prince Ribbit
  8468 | D:8      | Killed Prince Ribbit
  8491 | D:8      | Reached *** piety under Okawaru
  8593 | D:8      | Found an iron altar of Okawaru.
  8829 | D:9      | Noticed a troll
  8842 | D:9      | Killed a troll
  8842 | D:9      | Reached XP level 10. HP: 70/86 MP: 9/9
  8847 | D:9      | Found a staircase to the Orcish Mines.
  8855 | D:9      | Found Jymais Ufri's Weapon Shop.
  8894 | D:9      | Reached skill level 9 in Shields
  9200 | D:9      | Reached **** piety under Okawaru
  9281 | Orc:1    | Entered Level 1 of the Orcish Mines
  9281 | Orc:1    | Noticed an orc sorcerer
  9492 | D:9      | You fall through a shaft!
  9492 | D:10     | Entered Level 10 of the Dungeon
  9542 | D:9      | Noticed a hill giant
  9556 | D:9      | Killed a hill giant
  9556 | D:9      | Reached skill level 10 in Armour
  9699 | D:9      | Noticed a great orb of eyes
  9706 | D:9      | Noticed a death knight
  9718 | D:9      | Killed a death knight
  9738 | D:9      | Killed a great orb of eyes
  9738 | D:9      | Reached ***** piety under Okawaru
  9738 | D:9      | Reached skill level 10 in Shields
  9740 | D:9      | Got a scorched long sword
  9741 | D:9      | Identified the +6 long sword of Qulun {protect, Str+2} (You found it on level 9 of the Dungeon)
 10044 | D:9      | Identified the Catalogue of the Snowflakes
 10061 | D:9      | Noticed a hill giant
 10067 | D:9      | Killed a hill giant
 10325 | D:9      | Reached XP level 11. HP: 95/95 MP: 10/10
 10691 | Orc:1    | Paralysed by an orc sorcerer for 4 turns
 10709 | D:9      | Killed an orc sorcerer
 10709 | D:9      | Received a gift from Okawaru
 11452 | D:7      | Bought a translucent plate armour for 616 gold pieces
 11463 | D:7      | Identified the +5 plate armour of Teat Rinatz {+Inv rPois} (You bought it in a shop on level 7 of the Dungeon)
 11636 | D:10     | Noticed CALLOUS's ghost (novice MiMo)
 11664 | D:10     | Killed CALLOUS's ghost
 11664 | D:10     | Reached skill level 1 in Stealth
 11960 | D:10     | Noticed a hill giant
 11973 | D:10     | Killed a hill giant
 12409 | D:11     | Reached skill level 11 in Shields
 12516 | D:11     | Found a staircase to the Lair.
 12540 | D:11     | Noticed a purple ugly thing
 12564 | D:11     | Killed a purple ugly thing
 12576 | D:11     | Noticed a white ugly thing
 12589 | D:11     | Killed a white ugly thing
 13154 | D:11     | Reached skill level 12 in Shields
 13154 | D:11     | Reached XP level 12. HP: 89/105 MP: 11/11
 13238 | Lair:1   | Entered Level 1 of the Lair of Beasts
 13440 | Lair:1   | Reached ****** piety under Okawaru
 13449 | Lair:1   | Received a gift from Okawaru
 13485 | Lair:1   | Got an ancient great sword {god gift}
 13827 | Lair:1   | Noticed Sonja
 13845 | Lair:1   | Killed Sonja
 13845 | Lair:1   | Reached skill level 10 in Fighting
 14433 | Lair:2   | Noticed a four-headed hydra
 14439 | Lair:2   | Reached skill level 13 in Shields
 14456 | Lair:2   | Killed a four-headed hydra
 14511 | Lair:2   | HP: 1/107 [hell rat (13)]
 14566 | Lair:2   | Found a staircase to the Shoals.
 14571 | Lair:2   | Received a gift from Okawaru
 14713 | Lair:2   | Found a hole to the Spider Nest.
 14859 | Lair:2   | Noticed Fannar
 14973 | Lair:2   | Received a gift from Okawaru
 15069 | Lair:2   | Killed Fannar
 15069 | Lair:2   | Reached XP level 13. HP: 71/114 MP: 12/12
 15515 | Lair:3   | Reached skill level 14 in Shields
 16409 | Lair:4   | Received a gift from Okawaru
 16484 | Lair:4   | Reached skill level 15 in Long Blades
 17905 | Lair:6   | Entered Level 6 of the Lair of Beasts
 17970 | Lair:6   | Received a gift from Okawaru
 17974 | Lair:6   | Reached skill level 15 in Shields
 18004 | Lair:6   | Got an ichor-stained long sword {god gift}
 18005 | Lair:6   | Identified the +2 long sword of Defence by Offence {venom, rF++ rC+} (Okawaru gifted it to you on level 6 of the Lair of Beasts)
 18185 | Lair:6   | Found a viscous altar of Jiyva.
 18186 | Lair:6   | Found a staircase to the Slime Pits.
 18376 | Lair:6   | Reached skill level 1 in Short Blades
 18757 | Lair:6   | Noticed a fire dragon
 18801 | Lair:6   | Found a large runed door.
 18801 | Lair:6   | Found a large runed door.
 19306 | Lair:6   | Received a gift from Okawaru
 19675 | Lair:6   | Reached XP level 14. HP: 113/125 MP: 13/13
 19710 | Lair:6   | Reached skill level 1 in Invocations
 19829 | Lair:6   | Reached skill level 16 in Shields
 20297 | Lair:6   | Received a gift from Okawaru
 20781 | D:12     | Noticed Urug
 20803 | D:12     | Killed Urug
 20834 | D:12     | Found a portal to a secret trove of treasure.
 20839 | Trove    | Entered a treasure trove
 20856 | Trove    | Got a fine bronze ring
 20860 | Trove    | Got a dazzling scimitar
 20861 | Trove    | Identified the +4 scimitar of Ponaorist {drain, rF+} (You found it in a treasure trove)
 20879 | Trove    | Got a smoking spear
 20890 | D:12     | Identified the +4 spear "Pyim" {freeze, *Rage Dex+7 Stlth+} (You found it in a treasure trove)
 21029 | Lair:1   | Identified the ring of Dyses {rPois rN+ Int-3 Dex+3} (You found it in a treasure trove)
 21070 | Lair:1   | Identified the +7 great sword of Ekeifer {freeze, rElec rPois MP+9 Dex+3} (Okawaru gifted it to you on level 1 of the Lair of Beasts)
 21343 | D:12     | Noticed Frances
 21349 | D:12     | Killed Frances
 21422 | D:12     | Noticed Maurice
 21433 | D:12     | Killed Maurice
 22096 | D:13     | Noticed Kirke
 22109 | D:13     | Killed Kirke
 22244 | D:13     | Reached skill level 17 in Shields
 22498 | D:13     | Paralysed by a floating eye for 4 turns
 22660 | D:14     | Found Etueddas's Antique Armour Boutique.
 22680 | D:14     | Bought a pair of glowing boots for 252 gold pieces
 22883 | D:14     | Noticed Louise
 22890 | D:14     | Killed Louise
 23203 | D:14     | Reached XP level 15. HP: 108/135 MP: 14/14
 23340 | D:14     | Paralysed by a wizard for 3 turns
 23537 | D:14     | Found a gate to the Vaults.
 23717 | D:15     | Entered Level 15 of the Dungeon
 23975 | D:15     | Noticed Kloppie's ghost (journeyman DsBe)
 24006 | D:15     | Killed Kloppie's ghost
 24075 | D:15     | Found a staircase to the Depths.
 24138 | D:15     | Noticed Josephine
 24148 | D:15     | Killed Josephine
 24553 | D:15     | Received a gift from Okawaru
 25057 | Orc:2    | Entered Level 2 of the Orcish Mines
 25058 | Orc:2    | Noticed Donald
 25080 | Orc:1    | Killed Donald
 25080 | Orc:1    | Reached skill level 18 in Shields
 25462 | Orc:2    | Found a staircase to the Elven Halls.
 25570 | Orc:2    | Found Vuplel Wuo's Magic Scroll Boutique.
 25606 | Orc:2    | Reached skill level 15 in Armour
 25675 | Orc:2    | Found Utoir's General Store.
 25682 | Orc:2    | Bought a scroll of identify for 22 gold pieces
 25980 | Orc:2    | Found a roughly hewn altar of Beogh.
 26023 | Orc:2    | Found Kutwuekk's Distillery.
 26061 | Orc:2    | Found Toul's Gadget Shoppe.
 26397 | Orc:2    | Noticed Snorg
 26406 | Orc:2    | Killed Snorg
 27249 | Spider:1 | Entered Level 1 of the Spider Nest
 27433 | Spider:1 | HP: 4/138 [jumping spider (4)]
 27902 | Spider:1 | Received a gift from Okawaru
 27905 | Spider:1 | Got a crude chain mail {god gift}
 27923 | Spider:1 | Identified Luzipt's Almanac of the Entourage
 27993 | Spider:1 | Reached XP level 16. HP: 84/147 MP: 15/15
 28904 | Spider:1 | Identified the +6 chain mail of Qoeng {rPois} (Okawaru gifted it to you on level 1 of the Spider Nest)
 29287 | Spider:2 | Reached skill level 19 in Shields
 29472 | Spider:2 | Noticed Aizul
 29486 | Spider:2 | Killed Aizul
 29701 | Spider:2 | Received a gift from Okawaru
 29891 | Spider:2 | Got an encrusted chain mail
 30065 | Spider:2 | Identified the +3 chain mail of Zaeropae {rC+} (You found it on level 2 of the Spider Nest)
 30107 | Spider:3 | Noticed Arachne
 30155 | Spider:3 | Killed Arachne
 30231 | Spider:3 | Received a gift from Okawaru
 30911 | Spider:3 | Reached skill level 15 in Fighting
 31156 | Spider:4 | Entered Level 4 of the Spider Nest
 31476 | Spider:4 | Reached skill level 20 in Shields
 32585 | Spider:3 | Received a gift from Okawaru
 32588 | Spider:3 | Got a smoking hat {god gift}
 32594 | Spider:3 | Identified the +0 hat "Woethrosi" {Dex+3} (Okawaru gifted it to you on level 3 of the Spider Nest)
 32754 | Spider:4 | Reached XP level 17. HP: 125/156 MP: 17/17
 33792 | Spider:4 | Got a gossamer rune of Zot
 33861 | Spider:4 | Received a gift from Okawaru
 34599 | Shoals:1 | Entered Level 1 of the Shoals
 34599 | Shoals:1 | Found Vahez's Weapon Emporium.
 35231 | Shoals:1 | Reached skill level 21 in Shields
 35548 | Shoals:2 | Noticed Jorgrun
 35579 | Shoals:2 | Killed Jorgrun
 35605 | Shoals:2 | HP: 6/158 [drowned by a water elemental (6)]
 35606 | Shoals:2 | Drowned by a water elemental

Skill      XL: |  1  2  3  4  5  6  7  8  9 10 11 12 13 14 15 16 17 |
---------------+----------------------------------------------------+-----
Fighting       | 4 5 6 7 8 9 10 11 13 14 15 16 | 16.3
Shields        | 4 5 7 8 10 12 13 15 17 18 20 21 | 21.1
Armour         | 4 5 6 8 9 10 11 12 13 14 15 16 | 16.8
Long Blades    | 3 5 7 8 10 12 13 14 15 16 17 18 | 18.7
Dodging        | 1 2 3 4 |  4.4
Stealth        | 1 2 |  2.1
Short Blades   | 1 2 |  2.5
Invocations    | 1 |  1.4
Evocations     | |  0.5

Action                   |  1- 3 |  4- 6 |  7- 9 | 10-12 | 13-15 | 16-18 || total
-------------------------+-------+-------+-------+-------+-------+-------++-------
Melee: Long sword        |    76 |   201 |   480 |   822 |   537 |       ||  2116
       Headbutt          |    10 |    36 |   120 |   212 |   399 |   288 ||  1065
       Short sword       |       |       |       |    10 |    84 |       ||    94
       Double sword      |       |       |       |       |   907 |   873 ||  1780
Invok: Heroism           |       |       |     1 |     5 |     4 |     2 ||    12
 Abil: Evoke Flight      |       |       |       |       |     2 |     1 ||     3
Evoke: Wand              |       |       |       |     1 |     1 |     4 ||     6
  Use: Scroll            |       |    13 |     3 |     7 |    14 |     3 ||    40
       Potion            |       |     1 |     2 |     1 |     4 |     5 ||    13
 Stab: Invisible         |       |       |       |     2 |       |       ||     2
  Eat: Chunk             |     9 |    21 |    10 |    19 |    35 |    20 ||   114
       Fruit             |       |       |       |     2 |     4 |       ||     6
       Pizza             |       |       |       |       |     3 |       ||     3
       Beef jerky        |       |       |       |       |     2 |     3 ||     5
Armor: Scale mail        |    31 |       |       |       |       |       ||    31
       Chain mail        |       |    73 |    38 |       |       |       ||   111
       Plate armour      |       |       |   153 |   351 |   853 |   669 ||  2026
Dodge: Dodged            |    25 |    52 |    88 |   167 |   478 |   436 ||  1246
Block: Shield            |    46 |    99 |   252 |   545 |  1315 |   951 ||  3208
       Reflection        |       |       |       |       |     1 |    17 ||    18
       Rpst.: Long sword |     8 |    16 |    29 |    51 |    40 |       ||   144
       Double sword      |       |       |       |       |    76 |    72 ||   148
